 Dungeon Crawl Stone Soup version 0.27-a0-1105-g946c659c87 (webtiles) character file.

Game seed: 16534890377830514933

11 Gorgondantess the Magician (level 2, -3/15 HPs)
             Began as a Tengu Hedge Wizard on Apr 29, 2021.
             Slain by a gnoll
             ... wielding a +0 club
              (6 damage)
             ... on level 1 of the Dungeon.
             The game lasted 00:02:11 (1056 turns).

Gorgondantess the Magician (Tengu Hedge Wizard)     Turns: 1056, Time: 00:02:12

Health: -3/15      AC:  2    Str: 10    XL:     2   Next: 25%
Magic:  0/7        EV: 12    Int: 14    God:
Gold:   46         SH:  0    Dex: 13    Spells: 2/7 levels left

rFire    + . .     SeeInvis .   d - staff of fire
rCold    . . .     Faith    .   (no shield)
rNeg     . . .     Spirit   .   b - +0 robe
rPois    .         Reflect  .   c - +0 hat
rElec    .         Harm     .   (no cloak)
rCorr    .         Rampage  .   (no gloves)
Will     .....                  (boots unavailable)
Stlth    ++........             (no amulet)
HPRegen  0.05/turn              (no ring)
MPRegen  0.10/turn              (no ring)

@: no status effects
A: beak, talons 3
a: no special abilities


You were on level 1 of the Dungeon.
You visited 1 branch of the dungeon, and saw 1 of its levels.

You collected 46 gold pieces.

Inventory:

Hand Weapons
 a - a +0 dagger
Armour
 b - a +0 robe (worn)
 c - a +0 hat (worn)
Magical Staves
 d - a staff of fire (weapon)
Scrolls
 e - a scroll of fear {unknown}
 f - a scroll of enchant armour {unknown}


   Skills:
 * Level 0.1 Fighting
 * Level 0.1 Staves
 - Level 2.1 Dodging
 - Level 2.0 Stealth
 + Level 3.1 Spellcasting
 * Level 2.3 Conjurations
 * Level 1.2 Summonings
 + Level 0.7 Translocations
 * Level 0.3 Evocations


You had 2 spell levels left.
You knew the following spells:

 Your Spells              Type           Power      Damage    Failure   Level
a - Magic Dart            Conj           32%        1d4       9%          1
b - Call Imp              Summ           5%         N/A       19%         2
c - Blink                 Tloc           N/A        N/A       24%         2

Your spell library contained the following spells:

 Spells                   Type           Power      Damage    Failure   Level
 Slow                     Hex            2%         N/A       32%         2
 Conjure Flame            Conj/Fire      8%         6-21      36%         3
 Mephitic Cloud           Conj/Pois/Air  4%         N/A       43%         3


Dungeon Overview and Level Annotations

Branches:
Dungeon (1/15)

Altars:


Innate Abilities, Weirdness & Mutations

You have a beak for a mouth.
You have claws for feet.


Message History

The gnoll is almost dead.
The gnoll hits you with a +0 club!
Ouch! That really hurt!
Casting: Magic Dart (safe; 9% risk of failure)
Confirm with . or Enter, or press ? or * to list all spells.
Aiming: Magic Dart (safe; 9% risk of failure)
Press: ? - help, Shift-Dir - straight line, f/p - gnoll
Aim: a gnoll, wielding a +0 club (almost dead, 100% to hit)
The magic dart hits the gnoll but does no damage.
The gnoll is almost dead.
The gnoll misses you.
Your magical contamination has completely faded away.
Casting: Magic Dart (safe; 9% risk of failure)
Confirm with . or Enter, or press ? or * to list all spells.
Aiming: Magic Dart (safe; 9% risk of failure)
Press: ? - help, Shift-Dir - straight line, f/p - gnoll
Aim: a gnoll, wielding a +0 club (severely wounded, 100% to hit)
The magic dart hits the gnoll.
The gnoll is almost dead.
The gnoll barely misses you.
Unknown command.
Casting: Magic Dart (safe; 9% risk of failure)
Confirm with . or Enter, or press ? or * to list all spells.
Aiming: Magic Dart (safe; 9% risk of failure)
Press: ? - help, Shift-Dir - straight line, f/p - gnoll
Aim: a gnoll, wielding a +0 club (severely wounded, 100% to hit)
The magic dart hits the gnoll.
The gnoll is almost dead.
Unknown command.
The gnoll hits you with a +0 club.
* * * LOW HITPOINT WARNING * * *
Casting: Magic Dart (safe; 9% risk of failure)
Confirm with . or Enter, or press ? or * to list all spells.
Aiming: Magic Dart (safe; 9% risk of failure)
Press: ? - help, Shift-Dir - straight line, f/p - gnoll
Aim: a gnoll, wielding a +0 club (severely wounded, 100% to hit)
The magic dart hits the gnoll but does no damage.
The gnoll is severely wounded.
The gnoll hits you with a +0 club.
You die...

############ ############
#..........# ...........#
#g########.# .##...####.# #@# #.#
...........#####.## #.#
#.#...##.....##.#.## #.#
#....###.###.#.###.######.#######
#.##.##..# #..## ##.............#
#.##.##..###.#.###.######.###..>.
#.##.##......#..#.#######.###.###
#.##.##.##.###................# #
#.##.##.##.............##.###.###


You could see a gnoll.

Vanquished Creatures
  A bat (D:1)
  4 endoplasms (D:1)
  A hobgoblin (D:1)
  A quokka (D:1)
  A ball python (D:1)
  A frilled lizard (D:1)
9 creatures vanquished.

Notes
Turn   | Place    | Note
-------+----------+-------------------------------------------
     0 | D:1      | Gorgondantess the Tengu Hedge Wizard began the quest for
                  | the Orb.
     0 | D:1      | Reached XP level 1. HP: 10/10 MP: 5/5
   522 | D:1      | Reached XP level 2. HP: 15/15 MP: 4/7
   525 | D:1      | Learned a level 2 spell: Call Imp
   528 | D:1      | Learned a level 2 spell: Blink
  1056 | D:1      | Slain by a gnoll

Illustrated notes

Levels and vault maps discovered:
D:1:      ncdulo_watergridlock, layout_loops_ring,
          hellmonk_ecumenical_altar_arch_garden

Skill      XL: |  1 |
---------------+----+-----
Conjurations   | 2 |  2.3
Fighting       | |  0.1
Staves         | |  0.1
Dodging        | |  2.1
Stealth        | |  2.0
Spellcasting   | |  3.1
Summonings     | |  1.2
Translocations | |  0.7
Evocations     | |  0.3

Action                   || total
-------------------------++-------
Melee: Staff             ||     4
       Kick              ||     1
       Peck              ||     1
 Cast: Magic Dart        ||    36
Dodge: Dodged            ||     8

Table legend: (Time is in decaauts)
 A = Elapsed time spent in this place.
 B = Non-inter-level travel time spent in this place.
 C = Inter-level travel time spent in this place.
 D = Time resting spent in this place.
 E = Time spent auto-exploring this place.
 F = Levels seen in this place.
 G = Mean time per level.
                   A        B        C        D        E       F      G
               +--------+--------+--------+--------+--------+-----+--------+
         Total |   1056 |   1056 |      0 |    325 |    562 |   1 | 1056.0 |
       Dungeon |   1056 |   1056 |      0 |    325 |    562 |   1 | 1056.0 |
               +--------+--------+--------+--------+--------+-----+--------+

Top non-repeatable levels by time:
     D:1: 1056 daAuts
